 Dungeon Crawl Stone Soup version 0.17-a0-2144-gd7f430c (webtiles) character file.

625 Hedron the Martial Artist (level 7, -8/46 HPs)
             Began as an Octopode Monk on Oct 24, 2015.
             Shot with an arrow by a centaur (13 damage)
             ... on level 5 of the Dungeon.
             The game lasted 00:09:32 (4376 turns).

Hedron the Martial Artist (Octopode Monk)           Turns: 4376, Time: 00:09:32

Health: -8/46      AC:  1    Str: 12    XL:     7   Next: 47%
Magic:  7/7        EV: 14    Int: 13    God:
Gold:   207        SH:  0    Dex: 18    Spells: 0 memorised, 6 levels left

rFire  . . .     SeeInvis .       - Unarmed
rCold  . . .     Clarity  .     (no shield)
rNeg   . . .     SustAt   .     (helmet restricted)
rPois  .         Gourm    .     (no amulet)
rElec  .         Spirit   .     c - +4 ring of dexterity
rCorr  .         Warding  .     (no ring)
rMut   .         Stasis   .     (no ring)
MR     .....                    (no ring)
Stlth  ++++......               (no ring)
                                (no ring)
                                (no ring)
                                (no ring)

@: not resistant to hostile enchantments, stealthy
A: almost no armour, amphibious, 8 rings, constrict 8, camouflage 1, gelatinous
body 1
a: no special abilities


You were on level 5 of the Dungeon.
You were very hungry.

You visited 1 branch of the dungeon, and saw 5 of its levels.

You collected 207 gold pieces.

Inventory:

Missiles
 d - 133 stones (quivered)
 g - 5 tomahawks
Jewellery
 c - a +4 ring of dexterity (left tentacle)
Wands
 q - a wand of slowing (13)
Scrolls
 e - 3 scrolls of remove curse
 f - 3 scrolls of teleportation
 o - 2 scrolls of blinking
Potions
 k - a potion of mutation
 l - a potion of might
 m - a potion of cancellation {unknown}
 n - a potion of cure mutation {unknown}
 p - a potion of curing {unknown}
Comestibles
 a - 6 bread rations
 b - 5 fruits
 h - 2 meat rations
 i - a beef jerky


   Skills:
 - Level 3.0 Fighting
 - Level 3.0 Dodging
 - Level 2.6 Stealth
 + Level 8.9 Unarmed Combat


You had 6 spell levels left.
You didn't know any spells.

Dungeon Overview and Level Annotations

Branches:
Dungeon (5/15)
 Temple: D:4-7

Altars:
Nemelex Xobeh
Xom
Yredelemnul


Innate Abilities, Weirdness & Mutations

You cannot wear most types of armour.
You are amphibious.
You can wear up to eight rings at the same time.
You can use your tentacles to constrict eight enemies at once.
Your skin changes colour to match your surroundings (Stealth).
Your rubbery body absorbs attacks (AC +1).


Message History

Found 5 gold pieces.
An orc comes into view. It is wielding a hand axe.
You see here an arrow.
The orc shouts!
The centaur shoots an arrow.
The arrow hits you!
The orc throws a stone.
The stone completely misses you.
Found a metal-bound book.
You see here an arrow.
The centaur shoots an arrow.
The arrow hits you!
You see here an arrow.
The centaur shoots an arrow.
The arrow hits you!
* * * LOW HITPOINT WARNING * * *
The orc throws a stone.
The stone hits you.
* * * LOW HITPOINT WARNING * * *
The centaur shoots an arrow.
The arrow hits you.
* * * LOW HITPOINT WARNING * * *
You see here an arrow.
The orc throws a stone.
The stone closely misses you.
The centaur shoots an arrow.
The arrow hits you!
You die...

.......###########.#
.......##.....)....#
.#......#.##########
>..............##
......#.#.####..#
#######.#.# ##.#
).......#.# #.##
#########.# #..# #
#.# ##@## # #
#.######..########.##
#
#..........(.........
#
#########.##(........
# #..#.(....... #
##.#..oco.... #
.#......... #
........... #
#..c.o.....


You could see a centaur and an orc.

Vanquished Creatures
  A hungry ghost (D:5)
  A centaur (D:5)
  3 scorpions
  An orc priest (D:4)
  A hound (D:4)
  2 orc wizards
  An iguana (D:4)
  4 adders (D:2)
  An ooze (D:4)
  4 worms
  6 giant geckos
  13 orcs
  3 bats
  2 giant cockroaches
  4 hobgoblins
  2 jackals (D:3)
  4 quokkas
  2 ball pythons
  3 giant newts
  4 goblins
  A kobold (D:2)
  A quokka skeleton (D:4)
  10 rats
74 creatures vanquished.

Notes
Turn   | Place    | Note
--------------------------------------------------------------
     0 | D:1      | Hedron the Octopode Monk began the quest for the Orb.
     0 | D:1      | Reached XP level 1. HP: 16/16 MP: 1/1
   403 | D:1      | Reached XP level 2. HP: 11/21 MP: 2/2
   789 | D:2      | Reached XP level 3. HP: 18/26 MP: 3/3
   894 | D:2      | Reached skill level 5 in Unarmed Combat
  1296 | D:2      | Reached XP level 4. HP: 21/31 MP: 4/4
  1822 | D:3      | Reached skill level 6 in Unarmed Combat
  1822 | D:3      | Reached XP level 5. HP: 22/36 MP: 5/5
  2067 | D:3      | Found a shimmering altar of Xom.
  2093 | D:3      | Found a sparkling altar of Nemelex Xobeh.
  2887 | D:4      | Found a basalt altar of Yredelemnul.
  2998 | D:4      | Reached skill level 7 in Unarmed Combat
  2998 | D:4      | Reached XP level 6. HP: 42/42 MP: 6/6
  3796 | D:5      | Entered Level 5 of the Dungeon
  3838 | D:5      | Reached skill level 8 in Unarmed Combat
  3843 | D:5      | Reached XP level 7. HP: 15/46 MP: 7/7
  4091 | D:5      | Noticed a hungry ghost
  4119 | D:5      | Killed a hungry ghost
  4376 | D:5      | Shot with an arrow by a centaur

Vault maps used:
D:1:      dpeg_arrival_water_temple_mockup
D:3:      lemuel_round_altar, lemuel_round_altar
D:4:      yredelemnul_altar_generic, first_bread
D:5:      uniq_crazy_yiuf_cottage

Action                   |  1- 3 |  4- 6 |  7- 9 || total
-------------------------+-------+-------+-------++-------
Melee: Unarmed           |    50 |   109 |    23 ||   182
  Use: Scroll            |     2 |     6 |       ||     8
 Stab: Sleeping          |     5 |     6 |       ||    11
  Eat: Chunk             |     1 |     7 |     2 ||    10
       Pizza             |       |       |     1 ||     1
       Beef jerky        |       |       |     1 ||     1
